 Dungeon Crawl Stone Soup version 0.29-a0-728-g6bb282b620 (webtiles) character file.

Game seed: 18106696926998496721

140 BearFiend the Changer (level 5, -4/46 HPs)
             Began as a Draconian Transmuter on June 29, 2022.
             Killed from afar by an orc wizard (7 damage)
             ... with a magic dart
             ... on level 3 of the Dungeon.
             The game lasted 00:06:57 (2837 turns).

BearFiend the Changer (Draconian Transmuter)        Turns: 2837, Time: 00:06:57

Health: -4/46      AC:  5    Str: 12    XL:     5   Next: 2%
Magic:  8/8        EV: 12    Int: 16    God:
Gold:   81         SH:  0    Dex: 11    Spells: 5/8 levels left

rFire   . . .      SeeInvis .     - Unarmed
rCold   . . .      Faith    .   (no shield)
rNeg    . . .      Spirit   .   (body armour unavailable)
rPois   .          Reflect  .   (helmet currently unavailable)
rElec   .          Harm     .   (no cloak)
rCorr   .          Rampage  .   (no gloves)
Will    .....                   (boots currently unavailable)
Stlth   +.........              (no amulet)
HPRegen 0.15/turn               (no ring)
MPRegen 0.11/turn               (no ring)

@: appendages
A: horns 2, talons 2, AC +5, unfitting armour, cold-blooded
a: End Transformation


You were on level 3 of the Dungeon.
You had temporarily grown beastly horns and talons.
You visited 1 branch of the dungeon, and saw 3 of its levels.

You collected 81 gold pieces.

Inventory:

Jewellery
 e - the ring "Naho" {Fire Contam rElec rN+}
   (You found it on level 2 of the Dungeon)

   [ring of fire]

   It enhances your fire magic.
   rF:        It protects you from fire.
   rC:        It makes you vulnerable to cold.
   rElec:     It insulates you from electricity.
   rN:        It protects you from negative energy.
   Contam:    It causes magical contamination when unequipped.
Wands
 a - a wand of flame (6)
Scrolls
 c - a scroll of magic mapping {unknown}
Potions
 b - 2 potions of attraction {unknown}
 d - 2 potions of mutation {unknown}
 f - a potion of flight {unknown}
 g - a potion of brilliance {unknown}


   Skills:
 + Level 3.8 Fighting
 - Level 1.7 Dodging
 - Level 3.0 Unarmed Combat
 - Level 2.0 Spellcasting
 + Level 3.9 Transmutations


You had 5 spell levels left.
You knew the following spells:

 Your Spells              Type           Power      Damage    Failure   Level
a - Beastly Appendage     Tmut           28%        N/A       4%          1
b - Wereblood             Tmut           14%        N/A       6%          2

Your spell library contained the following spells:

 Spells                   Type           Power      Damage    Failure   Level
 Spider Form              Tmut/Pois      7%         N/A       28%         3
 Summon Guardian Golem    Hex/Summ       1%         N/A       52%         3
 Ice Form                 Ice/Tmut       7%         N/A       67%         4
 Orb of Destruction       Conj           0%         9d5       100%        7
 Spellforged Servitor     Conj/Summ      0%         N/A       100%        7


Dungeon Overview and Level Annotations

Branches:
Dungeon (3/15) Zot: 15168

Altars:
Kikubaaqudgha


Innate Abilities, Weirdness & Mutations

You have temporarily grown beastly horns and talons.
Your plain brown scales are hard. (AC +5)
You cannot fit into any form of body armour.
You are cold-blooded and may be slowed by cold attacks.


Message History

You kill the dart slug!
You have reached level 5!
You barely miss the orc. Your kick misses the orc. The orc barely misses you.
The orc wizard hits you with a +0 dagger.
* * * LOW HITPOINT WARNING * * *
You hit the orc. You tail-slap the orc.
The orc is severely wounded.
The orc hits you with a +0 hand axe.
* * * LOW HITPOINT WARNING * * *
The orc wizard closely misses you.
You hit the orc.
You kill the orc!
The orc priest hits you with a +0 hand axe!
* * * LOW HITPOINT WARNING * * *
The orc wizard hits you with a +0 dagger.
* * * LOW HITPOINT WARNING * * *
The orc priest attacks as you move away!
The orc priest hits you with a +0 hand axe.
* * * LOW HITPOINT WARNING * * *
The orc wizard completely misses you.
Things that are here:
a +0 hand axe; a dart slug corpse You hit the orc priest.
Your kick misses the orc priest.
Your tail-slap misses the orc priest.
The orc priest is moderately wounded.
The orc priest hits you but does no damage.
The orc hits you from afar with a +0 trident.
* * * LOW HITPOINT WARNING * * *
The orc wizard gestures wildly while chanting.
The orc wizard flickers and vanishes!
Deactivating autopickup; reactivate with Ctrl-A.
You hit the orc priest.
The orc priest is moderately wounded.
The orc priest barely misses you.
The orc hits you from afar with a +0 trident.
* * * LOW HITPOINT WARNING * * *
You hear some strange, mumbled words.
A magic dart appears from out of thin air!
The magic dart hits you!
You die...

###### #.#...
#############.#...
#...........{@#..#
#.#o#########o#..#
#.o...ooo #o#..#
..####o## #.#..#
.w.# #.#..#######
....#
#.####.#..#.....#
......
..............>#.#
......#
##.#.##.#..#.#...#
..>..#.# #
........#.#.#


You could see an orc priest and an orc.

Vanquished Creatures
  A jelly (D:2)
  Jessica (D:2)
  An adder (D:3)
  A worm (D:2)
  3 dart slugs
  2 orcs (D:3)
  3 endoplasms
  3 goblins (D:1)
  2 hobgoblins
  5 quokkas
  5 ball pythons
  4 bats
  2 frilled lizards
  5 kobolds
  4 rats
42 creatures vanquished.

Vanquished Creatures (others)
  An orc wizard (D:3)
1 creature vanquished.

Grand Total: 43 creatures vanquished

Notes
Turn   | Place    | Note
-------+----------+-------------------------------------------
     0 | D:1      | BearFiend the Draconian Transmuter began the quest for the
                  | Orb.
     0 | D:1      | Reached XP level 1. HP: 16/16 MP: 3/3
   561 | D:1      | Reached XP level 2. HP: 16/24 MP: 3/5
  1102 | D:2      | Reached XP level 3. HP: 30/30 MP: 4/6
  1137 | D:2      | Noticed Jessica
  1147 | D:2      | Killed Jessica
  1148 | D:2      | Reached XP level 4. HP: 8/38 MP: 5/7
  1444 | D:2      | Identified the ring "Naho" {Fire Contam rElec rN+}
  2232 | D:2      | Found an ancient bone altar of Kikubaaqudgha.
  2622 | D:3      | Learned a level 2 spell: Wereblood
  2832 | D:3      | Reached XP level 5. HP: 27/46 MP: 8/8
  2837 | D:3      | Killed from afar by an orc wizard

Illustrated notes

Levels and vault maps discovered:
D:1:      saegor_arrival_simple_e, layout_basic, kennysheep_another_room,
          st_stairs_4
D:2:      layout_basic, basic_altar, uniq_jessica
D:3:      layout_basic, mainiacjoe_overflow_small_starburst,
          uniq_crazy_yiuf_cottage

Skill      XL: |  1  2  3 |
---------------+----------+-----
Fighting       | 2 3 |  3.8
Transmutations | 3 |  3.9
Dodging        | |  1.7
Unarmed Combat | |  3.0
Spellcasting   | |  2.0

Action                   |  1- 3 |  4- 6 || total
-------------------------+-------+-------++-------
Melee: Unarmed           |    50 |    70 ||   120
       Kick              |     8 |     9 ||    17
       Headbutt          |     6 |    12 ||    18
       Tailslap          |     4 |     4 ||     8
       Punch             |     4 |     1 ||     5
 Cast: Beastly Appendage |    12 |    14 ||    26
  Use: Potion            |     1 |       ||     1
 Stab: Sleeping          |       |     1 ||     1
Armor: Skin              |    11 |    18 ||    29
Dodge: Dodged            |    22 |    35 ||    57

Table legend: (Time is in decaauts)
 A = Elapsed time spent in this place.
 B = Non-inter-level travel time spent in this place.
 C = Inter-level travel time spent in this place.
 D = Time resting spent in this place.
 E = Time spent auto-exploring this place.
 F = Levels seen in this place.
 G = Mean time per level.
                   A        B        C        D        E       F      G
               +--------+--------+--------+--------+--------+-----+--------+
         Total |   2830 |   2750 |     80 |    278 |   2192 |   3 |  943.3 |
       Dungeon |   2830 |   2750 |     80 |    278 |   2192 |   3 |  943.3 |
               +--------+--------+--------+--------+--------+-----+--------+

Top non-repeatable levels by time:
     D:2: 1425 daAuts
     D:1: 1083 daAuts
     D:3: 321 daAuts
